 Dungeon Crawl Stone Soup version 0.32-a0-391-gce5c0aab1b (webtiles) character file.

Game seed: 6687300963071081869

28 zenocrate the Sneak (level 3, -6/28 HPs)
             Began as a Vine Stalker Delver on Feb 20, 2024.
             Mangled by an orc
             ... wielding a +2 mace of venom
              (7 damage)
             ... on level 4 of the Dungeon.
             The game lasted 00:00:17 (38 turns).

zenocrate the Sneak (Vine Stalker Delver)             Turns: 38, Time: 00:00:17

Health: -6/28      AC:  3    Str: 14    XL:     3   Next: 14%
Magic:  0/4        EV: 11    Int: 12    God:
Gold:   0          SH:  0    Dex: 15    Spells: 2/2 levels left

rFire   . . .        a - +0 short sword
rCold   . . .        (no shield)
rNeg    . . .        b - +0 leather armour
rPois   .            (no helmet)
rElec   .            (no cloak)
rCorr   .            (no gloves)
SInv    .            (no boots)
Will    .....        (no amulet) Stlth
                     (no ring)
HPRegen 1.04/turn    (no ring)
MPRegen 0.09/turn

%: guardian spirit
@: berserking, lethally poisoned (-6 -> -13), very quick
A: fangs 2, regeneration 1, magic shield, antimagic bite, no potion heal 2
a: no special abilities


You were on level 4 of the Dungeon.
You visited 1 branch of the dungeon, and saw 2 of its levels.

Inventory:

Hand Weapons
 a - a +0 short sword (weapon)
Armour
 b - a +0 leather armour (worn)
Wands
 g - a wand of digging (3)
Scrolls
 c - a scroll of fog
 d - a scroll of revelation
 e - a scroll of fear
 h - a scroll of silence {unknown}
Potions
 f - a potion of haste


   Skills:
 - Level 2.6 Fighting
 + Level 2.5 Short Blades
 - Level 1.5 Dodging
 + Level 6.6 Stealth


You had 2 spell levels left.
You didn't know any spells.
Your spell library was empty.

Dungeon Overview and Level Annotations

Branches:
Dungeon (5/15)
 Temple: D:4-7

Altars:


Innate Abilities, Weirdness & Mutations

You have extremely sharp teeth.
Your natural rate of healing is unusually fast.
When hurt, damage is shared between your health and your magic reserves.
Your bite disrupts and absorbs the magic of your enemies.
Potions cannot restore your health.


Message History

You hit the hound.
You kill the hound!
Your Short Blades skill increases to level 2!
You have reached level 2!
You have reached level 3!
Your experience leads to an increase in your attributes!
Increase (S)trength, (I)ntelligence, or (D)exterity?
You feel clever. x2
You hit the adder. Your bite misses the adder.
The adder is moderately wounded.
A ball python comes into view.
The adder completely misses you.
You hit the adder. Your bite misses the adder.
The adder is heavily wounded.
The adder bites you. The adder closely misses you.
You hit the adder. Your bite misses the adder.
The adder is almost dead.
The adder bites you.
You are too injured to fight recklessly!
You miss the adder. Your bite misses the adder.
The adder is almost dead.
The adder bites you.
Unknown command.
You miss the adder. Your bite misses the adder.
The adder is almost dead.
The adder closely misses you.
Unknown command.
The orc hits you with a +2 mace of venom!
* * * LOW HITPOINT WARNING * * *
You are lethally poisoned!
You see here a wand of iceblast (7).
It was a potion of berserk rage.
A red film seems to cover your vision as you go berserk!
You feel yourself moving faster!
You feel mighty!
* * * LOW HITPOINT WARNING * * *
You feel very sick. The adder barely misses you.
A giant cockroach comes into view.
The orc hits you with a +2 mace of venom!
You die...

...... .....
.#..... .....
...... #.#... #
#.#..## .......#
#.....###........
.##.....##...##....
.......>...#.......
.########.o....B#
.......@#†..#...
......#.S###.....
......##S# ....
#.... ..# ... #....
..#. #... ... .. #
#.## #. #. .. # ..


You could see an adder, an orc, a giant cockroach (wandering) and a ball python.

Vanquished Creatures
  A hound (D:4)
1 creature vanquished.

Notes
Turn   | Place    | Note
-------+----------+-------------------------------------------
     0 | D:5      | zenocrate the Vine Stalker Delver began the quest for the
                  | Orb.
     0 | D:5      | Reached XP level 1. HP: 11/11 MP: 2/2
    19 | D:4      | Noticed a killer bee
    20 | D:4      | Noticed a hound
    31 | D:4      | Killed a hound
    32 | D:4      | Reached XP level 2. HP: 9/16 MP: 1/3
    32 | D:4      | Reached XP level 3. HP: 11/19 MP: 1/4
    38 | D:4      | HP: 1/28 [poisoned by an orc]
    38 | D:4      | Mangled by an orc

Illustrated notes

Levels and vault maps discovered:
D:4:      layout_basic, general_overflow_altar, gammafunk_ghost_mausoleum,
          minivault_27, minmay_strange_pillars,
          minmay_fractal_squares_diagonal_5, uniq_pikel, uniq_robin
D:5:      layout_loops_ring, nicolae_ossuary_entry_false_entrances,
          nrook_campfire, chequers_jeans, uniq_grinder

Skill      XL: |  1 |
---------------+----+-----
Short Blades   | 2 |  2.5
Fighting       | |  2.6
Dodging        | |  1.5
Stealth        | |  6.6

Action                     || total
---------------------------++-------
  Melee: Short sword       ||    12
         Bite              ||     1
    Use: Potion            ||     1
 Armour: Leather armour    ||     9
  Dodge: Dodged            ||     8

Table legend: (Time is in decaauts)
 A = Elapsed time spent in this place.
 B = Non-inter-level travel time spent in this place.
 C = Inter-level travel time spent in this place.
 D = Time resting spent in this place.
 E = Time spent auto-exploring this place.
 F = Levels seen in this place.
 G = Mean time per level.
                   A        B        C        D        E       F      G
               +--------+--------+--------+--------+--------+-----+--------+
         Total |     36 |     36 |      0 |      0 |      9 |   2 |   18.0 |
       Dungeon |     36 |     36 |      0 |      0 |      9 |   2 |   18.0 |
               +--------+--------+--------+--------+--------+-----+--------+

Top non-repeatable levels by time:
     D:4: 19 daAuts
     D:5: 17 daAuts
